 Dungeon Crawl Stone Soup version 0.31-a0-889-g1a8549509d (webtiles) character file.

Game seed: 3551089067105566537

177039 Forgeling the Brawler (level 17, -9/178 HPs)
             Began as a Troll Berserker on Oct 16, 2023.
             Was a High Priest of Trog.
             Killed by an exploding bloated husk (40 damage)
             ... on level 3 of the Swamp.
             The game lasted 01:26:45 (27006 turns).

Forgeling the Brawler (Troll Berserker)            Turns: 27006, Time: 01:26:46

Health: -9/178     AC: 15    Str: 31    XL:     17   Next: 53%
Magic:  16/16      EV:  8    Int:  5    God:    Trog [*****.]
Gold:   3222       SH: 14    Dex: 13    Spells: 16/16 levels left

rFire   + .          .
                       - Unarmed
rCold   . . .        f - +0 tower shield
rNeg    . . .        O - +0 acid dragon scales
rPois   +            B - +2 hat
rElec   .            Q - +2 cloak {rCorr}
rCorr   +            (gloves unavailable)
SInv    .            (boots unavailable)
Will    +....        p - amulet of faith
Stlth   +            o - ring of poison resistance
HPRegen 1.29/turn    W - ring "Midaont" {rF+ Dex+2}
MPRegen 0.15/turn

%: faith
@: on berserk cooldown, slowed, very slow
A: large, unfitting armour, claws 3, regeneration 1, shaggy fur 1, tough skin 1
a: Renounce Religion, Berserk, Trog's Hand, Brothers in Arms


You were on level 3 of the Swamp.
You worshipped Trog.
Trog was extremely pleased with you.
You visited 5 branches of the dungeon, and saw 29 of its levels.
You also visited: Gauntlet and Volcano.

You collected 3222 gold pieces.

Inventory:

Missiles
 b - 33 boomerangs
 c - 3 datura-tipped darts
 h - 6 darts of dispersal
 k - 27 large rocks
 l - 5 silver javelins
 t - 53 poisoned darts (quivered)
 w - 3 javelins
Armour
 f - a +0 tower shield (worn)
 B - a +2 hat (worn)
 O - +0 acid dragon scales (worn)
 Q - a +2 cloak of preservation (worn)
Jewellery
 a - a ring of positive energy
 o - a ring of poison resistance (left claw)
 p - an amulet of faith (around neck)
 s - a ring of willpower
 x - a ring of protection from cold
 z - a +4 ring of protection
 W - the ring "Midaont" (right claw) {rF+ Dex+2}
   (You found it on level 14 of the Dungeon)

   [ring of protection from fire]

   Dex+2:     It affects your dexterity (+2).
   rF+:       It protects you from fire.
 X - a ring of see invisible
Talismans
 n - a serpent talisman
Wands
 d - a wand of digging (4)
 e - a wand of paralysis (7)
 i - a wand of iceblast (17)
 j - a wand of polymorph (11)
 q - a wand of flame (76)
 y - a wand of mindburst (7)
Scrolls
 v - 2 scrolls of enchant armour
 D - 5 scrolls of blinking
 E - 2 scrolls of fear
 F - 3 scrolls of fog
 K - 5 scrolls of immolation
 L - a scroll of revelation {unknown}
 P - 6 scrolls of poison
 S - a scroll of summoning
 V - 3 scrolls of vulnerability
 Y - 11 scrolls of teleportation {@r3}
Potions
 m - a potion of berserk rage {unknown}
 A - 2 potions of attraction
 C - 3 potions of cancellation
 G - 7 potions of ambrosia
 H - 8 potions of haste
 I - 2 potions of invisibility
 J - 13 potions of curing {@q1}
 M - 6 potions of might
 N - 4 potions of heal wounds {@q2}
 R - 4 potions of resistance
 T - 4 potions of enlightenment {unknown}
 U - 3 potions of mutation
Miscellaneous
 g - a condenser vane
 r - a phial of floods


   Skills:
 - Level 13.6 Fighting
 - Level 6.0 Throwing
 + Level 7.5 Armour
 - Level 2.4 Dodging
 + Level 7.1 Shields
 - Level 19.3 Unarmed Combat
 - Level 10.0 Evocations
 - Level 10.0 Shapeshifting


You had 16 spell levels left.
You didn't know any spells.
Your spell library was empty.

Dungeon Overview and Level Annotations

Branches:
Dungeon (15/15)            Temple (0/1) D:6            Lair (5/5) D:9
  Swamp (4/4) Lair:3        Snake (3/4) Lair:3        Slime (0/5) Lair:5
    Orc (2/2) D:9             Elf (0/3) Orc:2        Vaults (0/5) D:14
 Depths (0/4) D:15        Volcano (visited)         Gauntlet (visited)

Altars:
Dithmenos
Elyvilon
Hepliaklqana
Kikubaaqudgha
Nemelex Xobeh
Qazlal
Ru
Trog
Uskayaw
Xom
Jiyva

Shops:
D:12 :   D:14 :   Orc:2 *([


Innate Abilities, Weirdness & Mutations

You are too large for most types of armour.
You have claws for hands.
Your natural rate of healing is unusually fast.
You are covered in fur. (AC +1)
You have tough skin. (AC +1)


Message History

Okay, then.
Unknown command.
Unknown command.
Unknown command.
Unknown command.
Okay, then.
Unknown command.
Unknown command.
Unknown command.
Okay, then.
Unknown command.
Unknown command.
Okay, then.
Unknown command.
Okay, then.
Unknown command.
As you read the scroll labelled RIQUSY PESI, it crumbles to dust.
The creatures around you are filled with an inner flame!
It was a scroll of immolation.
K - 5 scrolls of immolation; O - +0 acid dragon scales (worn)
As you read the scroll labelled GILEIPLISE, it crumbles to dust.
Wisps of shadow whirl around you...
It was a scroll of summoning.
S - a scroll of summoning;
X - a ring of see invisible What are your orders? t - Shout!
Orders for allies: a - Attack new target. r - Retreat! s - Stop attacking. g - Guard the area. f - Follow me.
Anything else - Cancel.
Gang up on whom?
Press: ? - help, Dir - move target, f - five-headed hydra
Aim: a five-headed hydra (inner flame, ally target) Attack!
The five-headed hydra bites your bloated husk! x2
Your bloated husk dissolves into shadows!
Your bloated husk explodes!
The blast of putrescent gases engulfs the five-headed hydra!!!
The blast of putrescent gases engulfs your tyrant leech!!
The blast of putrescent gases engulfs you!!!
You die...

#≈≈≈≈.≈.≈≈≈≈≈≈≈)÷....~♣♣ ♣♣♣
###.~.≈≈≈.≈≈≈≈~.~~~.~.♣ ♣♣~♣♣
♣..(..~..≈≈≈..~~~<[♣♣♣ ♣♣.~.♣♣
♣.~~~.~.......~~~....♣
♣.~~..♣♣♣♣..~♣~.~~~.♣...[....~
♣~~~~...~.~~~~...~~^♣♣♣♣♣♣♣..♣
♣~~~~§...[~~~~..~~...♣ ♣♣♣~
♣.~~~.♣~..~~i.♣~...~~♣ ♣.
♣♣....~~[.~w.@♣♣♣♣~.~♣ ♣♣
♣.~....>.§...~♣ ♣♣♣♣♣
♣~~.........~~♣
♣♣♣♣♣♣..~~~~D.♣♣
♣♣♣♣...~~~~.~♣ ♣....~..~.~~♣♣
♣~♣...~~~.~♣♣ ♣♣♣♣♣.~~~..♣
♣~.~~♣♣♣


You could see a five-headed hydra (inner flame, distracted, ally target), a
friendly tyrant leech (summoned) and a friendly spriggan rider (summoned).

Vanquished Creatures
  Saint Roka (Orc:2)
  Gastronok (Lair:2)
  Kirke (Lair:4)
  A thorn hunter (Swamp:2)
  4 nagarajas
  Louise (D:15)
  3 eleionomae
  4 bunyips
  A dire elephant (Lair:5)
  A minotaur (Gauntlet)
  An ettin (D:14)
  An entropy weaver (shapeshifter) (D:15)
  A yaktaur captain (D:14)
  A vault guard (D:14)
  5 hydras
  9 anacondas
  A salamander tyrant (Snake:3)
  2 ghost crabs
  A merfolk avatar (Lair:5)
  2 catoblepae
  2 centaur warriors
  8 alligators
  6 boulder beetles
  5 naga warriors
  3 two-headed ogres
  A dancing weapon (Lair:4)
  2 tengu warriors (D:15)
  2 orc high priests (Orc:2)
  A vampire mage (D:15)
  A naga sharpshooter (Snake:3)
  5 shock serpents
  10 skeletal warriors
  Nergalle (Lair:2)
  2 sixfirhies
  4 salamander mystics
  2 skysharks (Lair:5)
  3 spriggan druids
  A spark wasp zombie (D:15)
  3 bog bodies
  A sea snake (Lair:5)
  2 swamp dragons (Swamp:3)
  A deep troll (D:14)
  7 naga ritualists
  2 anaconda skeletons (Volcano)
  An orc knight (Orc:2)
  2 necromancers
  3 lindwurms
  6 deep elf pyromancers
  16 mana vipers
  10 ugly things
  6 manticores
  4 orc sorcerers
  2 oklob plants
  3 will-o-the-wisps
  11 salamanders
  A worldbinder (Gauntlet)
  20 elephants
  2 alligator skeletons (Volcano)
  6 cyclopes
  24 black mambas
  Joseph (D:8)
  9 naga magi
  5 gargoyles (Volcano)
  6 cane toads
  2 smoke demons (D:10)
  An unseen horror (D:12)
  An ice statue (Gauntlet)
  2 torpor snails
  5 rime drakes
  An efreet (D:15)
  An ice devil (D:10)
  2 freezing wraiths
  A kobold demonologist (D:12)
  An orange demon (D:10)
  A tengu conjurer (D:14)
  10 komodo dragons
  4 trolls
  2 wind drakes (Lair:5)
  A bloated husk (Swamp:3)
  4 polar bears
  2 harpy skeletons (Volcano)
  3 hornets
  2 tyrant leeches
  15 blink frogs
  A wind drake (shapeshifter) (D:14)
  A spriggan zombie (D:15)
  Grinder (D:3)
  A dream sheep (Lair:5)
  A snapping turtle (Lair:5)
  6 slime creatures (D:15)
  A water elemental (D:11)
  2 flying skulls (Volcano)
  A spriggan (Swamp:3)
  A wraith (D:10)
  A shadow (D:11)
  A ynoxinul (D:10)
  60 yaks
  3 fire bats (Lair:2)
  2 steam dragons
  2 basilisks
  6 wyverns
  8 vampire mosquitoes
  5 wargs
  21 nagas
  9 swamp worms
  8 water moccasins
  3 acid dragons
  Duvessa (D:6)
  29 orc warriors
  3 swamp drakes
  A sky beast (D:7)
  4 ogres
  2 boggarts (Gauntlet)
  20 wolves
  8 centaurs
  2 phantoms
  4 kobold brigands
  10 scorpions
  13 bullfrogs
  A gnoll sergeant (D:10)
  Dowan (D:6)
  3 wights (D:8)
  30 killer bees
  A vampire bat (D:6)
  11 electric eels
  A crimson imp (D:10)
  4 spriggan skeletons (Volcano)
  2 lava snakes (Lair:3)
  2 quasits (D:10)
  9 hounds
  A gnoll bouda (Orc:1)
  18 orc priests
  3 jellies (D:4)
  An iron imp (D:10)
  Jessica (D:2)
  36 orc wizards
  4 iguanas
  3 polar bear simulacra (Lair:3)
  4 yak simulacra (Lair:3)
  A wolf simulacrum (Lair:3)
  A naga skeleton (Volcano)
  Robin (D:3)
  7 adders
  19 gnolls
  2 shadow imps
  A white imp (D:10)
  5 ufetubi
  6 worms
  4 dart slugs
  95 orcs
  3 bats
  3 bat skeletons (D:6)
  2 bat zombies (D:6)
  7 endoplasms
  7 giant cockroaches
  16 goblins
  6 hobgoblins
  2 jackals (D:1)
  4 quokkas
  6 ball pythons
  2 frilled lizards
  13 kobolds
  4 rats
  3 river rat simulacra (Lair:3)
914 creatures vanquished.

Vanquished Creatures (collateral kills)
  A frost giant (D:14)
  The ghost of scionoferis the Severer, a journeyman MiCK of Xom (Lair:4)
  A salamander tyrant (Snake:2)
  A hydra (D:15)
  A centaur warrior (D:14)
  A death knight (D:14)
  An orc high priest (Orc:2)
  A wizard (D:14)
  A mana viper (Snake:2)
  An orc sorcerer (Orc:1)
  2 manticores (D:13)
  A black mamba (Snake:2)
  Maurice (D:9)
  A cane toad (Lair:5)
  3 kobold demonologists (D:13)
  A polar bear (Lair:5)
  A queen bee (D:9)
  A troll (D:13)
  8 dream sheep (Lair:5)
  4 yaks
  A steam dragon (D:9)
  A naga (Snake:2)
  3 orc warriors
  A gnoll sergeant (D:9)
  10 killer bees (D:9)
  An orc wizard (Orc:1)
  An orc (Orc:2)
  4 kobolds (D:13)
55 creatures vanquished.

Vanquished Creatures (others)
  A komodo dragon (Lair:5)
  2 bloated husks (Swamp:1)
  A spriggan (Swamp:3)
  2 orc wizards
  4 orcs
10 creatures vanquished.

Grand Total: 979 creatures vanquished

Notes
Turn   | Place    | Note
-------+----------+-------------------------------------------
     0 | D:1      | Forgeling the Troll Berserker began the quest for the Orb.
     0 | D:1      | Reached XP level 1. HP: 22/22 MP: 0/0
   183 | D:1      | Reached XP level 2. HP: 29/29 MP: 1/1
   808 | D:2      | Reached skill level 4 in Unarmed Combat
   968 | D:2      | Reached ** piety under Trog
   969 | D:2      | Reached XP level 3. HP: 36/36 MP: 2/2
  1034 | D:2      | Noticed Jessica
  1044 | D:2      | Killed Jessica
  1483 | D:3      | Reached skill level 5 in Unarmed Combat
  1483 | D:3      | Reached XP level 4. HP: 26/44 MP: 3/3
  1584 | D:3      | Reached XP level 5. HP: 47/50 MP: 4/4
  1592 | D:3      | Noticed Robin
  1614 | D:3      | Killed Robin
  1622 | D:3      | Reached *** piety under Trog
  1658 | D:3      | Reached skill level 6 in Unarmed Combat
  1986 | D:3      | Noticed Grinder
  1995 | D:3      | Killed Grinder
  1996 | D:3      | Reached skill level 7 in Unarmed Combat
  1996 | D:3      | Reached XP level 6. HP: 59/59 MP: 5/5
  2000 | D:3      | Found a faded altar of an unknown god.
  2087 | D:4      | Reached XP level 7. HP: 54/67 MP: 6/6
  2180 | D:4      | Found a sacrificial altar of Ru.
  2295 | D:4      | Reached skill level 8 in Unarmed Combat
  2525 | D:4      | Found a sparkling altar of Nemelex Xobeh.
  2603 | D:5      | Entered Level 5 of the Dungeon
  2776 | D:5      | Reached **** piety under Trog
  2777 | D:5      | Reached skill level 9 in Unarmed Combat
  2777 | D:5      | Reached XP level 8. HP: 78/78 MP: 7/7
  2903 | D:5      | Reached skill level 1 in Throwing
  3177 | D:6      | Found a stormy altar of Qazlal.
  3179 | D:6      | Noticed an air elemental
  3198 | D:6      | Found a staircase to the Ecumenical Temple.
  3314 | D:6      | Found a shadowy altar of Dithmenos.
  3317 | D:6      | Found a hazy altar of Hepliaklqana.
  3349 | D:6      | Noticed Dowan
  3356 | D:6      | Found an ancient bone altar of Kikubaaqudgha.
  3357 | D:6      | Noticed Duvessa
  3366 | D:6      | Killed Duvessa
  3380 | D:6      | Killed Dowan
  3381 | D:6      | Reached skill level 5 in Fighting
  3551 | D:6      | Reached ***** piety under Trog
  3698 | D:6      | Reached skill level 10 in Unarmed Combat
  3709 | D:6      | Identified the +1 robe of Weightlessness {Int+4}
  4139 | D:7      | Found a hide-covered altar of Uskayaw.
  4148 | D:7      | Reached XP level 9. HP: 77/88 MP: 8/8
  4646 | D:7      | Found a white marble altar of Elyvilon.
  4920 | D:8      | Reached skill level 5 in Throwing
  5190 | D:8      | Noticed a two-headed ogre
  5191 | D:8      | Found a runed translucent door.
  5192 | D:8      | Found a runed translucent door.
  5197 | D:8      | Killed a two-headed ogre
  5198 | D:8      | Reached skill level 11 in Unarmed Combat
  5261 | D:8      | Noticed Joseph
  5282 | D:8      | Killed Joseph
  5393 | D:8      | Reached skill level 1 in Evocations
  5393 | D:8      | Reached XP level 10. HP: 54/91 MP: 9/9
  5742 | D:9      | Found a staircase to the Orcish Mines.
  5869 | D:9      | Found a staircase to the Lair.
  5957 | D:9      | Reached skill level 12 in Unarmed Combat
  5960 | D:9      | Noticed Maurice
  5962 | D:9      | Killed Maurice
  6067 | D:9      | Reached XP level 11. HP: 27/105 MP: 10/10
  6230 | D:9      | Received a gift from Trog
  6231 | D:9      | Reached skill level 13 in Unarmed Combat
  6322 | D:9      | Reached skill level 1 in Shields
  6453 | D:9      | Noticed a two-headed ogre
  6480 | D:9      | Killed a two-headed ogre
  6878 | D:10     | Entered Level 10 of the Dungeon
  7052 | D:10     | Noticed a sixfirhy
  7065 | D:10     | Killed a sixfirhy
  7287 | D:10     | Reached skill level 5 in Shields
  7407 | D:10     | Found a bloodstained altar of Trog.
  7489 | D:10     | Noticed a deep elf pyromancer
  7510 | D:10     | Killed a deep elf pyromancer
  7513 | D:10     | Noticed a deep elf pyromancer
  7517 | D:10     | Killed a deep elf pyromancer
  7974 | D:11     | Reached skill level 5 in Evocations
  7990 | D:11     | Reached XP level 12. HP: 60/119 MP: 11/11
  8223 | D:11     | Reached ****** piety under Trog
  8223 | D:11     | Received a gift from Trog
  9358 | D:12     | Identified the "Alivam"
  9358 | Lair:1   | Entered Level 1 of the Lair of Beasts
  9385 | Lair:1   | Noticed a catoblepas
  9399 | Lair:1   | Killed a catoblepas
 10222 | Lair:1   | Reached skill level 14 in Unarmed Combat
 10248 | Lair:1   | Received a gift from Trog
 10312 | Lair:1   | Found a shimmering altar of Xom.
 10532 | Lair:2   | Noticed Nergalle
 10536 | Lair:2   | Reached XP level 13. HP: 128/132 MP: 12/12
 10540 | Lair:2   | Killed Nergalle
 10687 | Lair:2   | Found a dark tunnel.
 10696 | Volcano  | Entered a volcano
 10752 | Volcano  | Reached skill level 10 in Fighting
 11002 | Volcano  | Reached skill level 5 in Shapeshifting
 11039 | Volcano  | Reached skill level 15 in Unarmed Combat
 11186 | Lair:2   | Noticed Gastronok
 11199 | Lair:2   | Killed Gastronok
 11805 | Lair:3   | Received a gift from Trog
 12334 | Lair:3   | Reached skill level 16 in Unarmed Combat
 12355 | Lair:3   | Found a staircase to the Swamp.
 12606 | Lair:3   | Found a staircase to the Snake Pit.
 12780 | Lair:3   | Identified the +1 quarterstaff of Ofar {heavy, rElec Dex+3}
 12954 | Lair:4   | Identified the "Xouw"
 13257 | Lair:4   | Found a transporter.
 13258 | Lair:4   | Found a transporter.
 13343 | Lair:4   | Noticed Kirke
 13357 | Lair:4   | Killed Kirke
 13867 | Lair:4   | Found a runed translucent door.
 13868 | Lair:4   | Found a shimmering altar of Xom.
 13868 | Lair:4   | Noticed scionoferis's ghost (journeyman MiCK)
 13877 | Lair:4   | Reached XP level 14. HP: 143/143 MP: 13/13
 13885 | Lair:4   | Killed scionoferis's ghost
 14069 | Lair:5   | Entered Level 5 of the Lair of Beasts
 14298 | Lair:5   | Reached skill level 10 in Shapeshifting
 14402 | Lair:5   | Found a staircase to the Slime Pits.
 14403 | Lair:5   | Found a viscous altar of Jiyva.
 15734 | Orc:1    | Entered Level 1 of the Orcish Mines
 15751 | Orc:1    | Received a gift from Trog
 16331 | Orc:2    | Entered Level 2 of the Orcish Mines
 16331 | Orc:2    | Found a staircase to the Elven Halls.
 16460 | Orc:2    | Found Rekuliqa's Antique Weapon Boutique.
 16486 | Orc:2    | Reached XP level 15. HP: 58/153 MP: 14/14
 16675 | Orc:2    | Received a gift from Trog
 16684 | Orc:2    | Reached skill level 17 in Unarmed Combat
 17258 | Orc:2    | Found Qule's General Store.
 17378 | Orc:2    | Noticed Saint Roka
 17422 | Orc:2    | Killed Saint Roka
 17487 | Orc:2    | Found Uggujoskix's Antique Weapon Shop.
 17559 | Orc:2    | Found Otezxuof's Antique Armour Boutique.
 18346 | D:12     | Found Paqoaq's Tiny Tomes.
 18617 | D:13     | Received a gift from Trog
 19438 | D:14     | Noticed a frost giant
 19450 | D:14     | Killed a frost giant
 19487 | D:14     | Identified the ring "Midaont" {rF+ Dex+2}
 19509 | D:14     | Identified the +0 falchion "Widowermaker" {flame, rN+ Will-
                  | rCorr Int+6 Dex-2}
 19511 | D:14     | Identified the +6 dagger of Misery {freeze, Str+3}
 19663 | D:14     | Found a gate to the Vaults.
 19805 | D:14     | Found Ehuyck's Book Boutique.
 20091 | D:15     | Entered Level 15 of the Dungeon
 20127 | D:15     | Reached skill level 18 in Unarmed Combat
 20165 | D:15     | Found a staircase to the Depths.
 20250 | D:15     | Noticed Louise
 20263 | D:15     | Reached skill level 10 in Evocations
 20297 | D:15     | Killed Louise
 20298 | D:15     | Reached skill level 1 in Armour
 20301 | D:15     | Reached XP level 16. HP: 165/165 MP: 15/15
 20386 | D:15     | Found a gate leading to a gauntlet.
 20392 | Gauntlet | Entered a Gauntlet
 20392 | Gauntlet | Found a transporter.
 20392 | Gauntlet | Found a transporter.
 20392 | Gauntlet | Found a transporter.
 20401 | Gauntlet | Found a transporter.
 20413 | Gauntlet | Found a transporter.
 20427 | Gauntlet | Found a transporter.
 20443 | Gauntlet | Found a transporter.
 20452 | Gauntlet | Found a transporter.
 20458 | Gauntlet | Found a transporter.
 20509 | Gauntlet | Found a transporter.
 20509 | Gauntlet | Found a transporter.
 20510 | Gauntlet | Found a transporter.
 20760 | Gauntlet | Received a gift from Trog
 20788 | Gauntlet | Identified the +3 ring mail of the Many Deaths {*Slow rElec
                  | rN++ Int+3}
 21426 | Snake:1  | Entered Level 1 of the Snake Pit
 23443 | Snake:2  | Reached skill level 5 in Armour
 23914 | Snake:2  | Reached skill level 19 in Unarmed Combat
 24438 | Snake:3  | Received a gift from Trog
 24554 | Snake:3  | Reached XP level 17. HP: 112/178 MP: 14/16
 25264 | Swamp:1  | Identified the "Zasymih"
 25264 | Swamp:1  | Entered Level 1 of the Swamp
 26477 | Swamp:3  | Received a gift from Trog
 26884 | Swamp:4  | Entered Level 4 of the Swamp
 27006 | Swamp:3  | Killed by an exploding bloated husk

Illustrated notes

Levels and vault maps discovered:
D:1:      dpeg_arrival_castle, layout_basic
D:2:      layout_basic, chequers_garden, grunt_decor_clamped, uniq_jessica
D:3:      layout_basic, basic_ecumenical_altar, uniq_robin, uniq_grinder
D:4:      layout_rooms, nicolae_ru_the_path_less_chosen,
          mainiacjoe_overflow_alcove_2, serial_bayou_lagoon_a
D:5:      layout_loops_cross
D:6:      layout_loops_ring, riverfiend_overflow_shadow_ancestor,
          kennysheep_vampire_church, nicolae_qazlal_style_of_elements,
          minmay_temple_entry_purple_smoke, kennysheep_flooded_box, uniq_duvessa
D:7:      dreamdust_elfheim, layout_basic, lemuel_coloured_pillars_altar,
          nicolae_uskayaw_suspiria
D:8:      lemuel_insect_pit, layout_basic, minmay_misc_feat_rows, uniq_joseph
D:9:      minmay_evil_eye, layout_basic, lair_entry_dummy,
          minmay_orc_entry_guard_dogs, special_room [special_room_bee],
          uniq_maurice
D:10:     layout_rooms, kennysheep_mini, serial_demonic, serial_demonic_a,
          serial_demonic_g, serial_demonic_c, serial_demonic_a,
          serial_demonic_b, serial_demonic_g, hangedman_minor_magic
D:11:     layout_layer_cave, chequers_big_river, nicolae_water_bricks
D:12:     layout_small_grid, minivault_26, minmay_hedge_maze,
          nicolae_shop_i_like_small_books_too
D:13:     layout_basic
D:14:     layout_long_grid, david_vaults_4, minmay_misc_feat_chi, serial_shops,
          nicolae_shop_advertising_works [nicolae_subvault_shop_adworks],
          minmay_checkered_concentric_circles
D:15:     gammafunk_depths_entry_grave, layout_rooms, gauntlet_entry_generic,
          minivault_25, uniq_louise
Lair:1:   layout_regular_city, serial_bayou, serial_bayou_lagoon_b,
          serial_bayou_crossing, serial_bayou_shore_a, serial_bayou_pond_c,
          serial_bayou_pond_a, serial_bayou_pond_d, basic_altar,
          serial_bayou_pond_d, serial_bayou_pond_a, beast_lair_carwin_5
Lair:2:   layout_regular_city, nicolae_volcano_entry_batcave, uniq_gastronok,
          uniq_nergalle
Lair:3:   layout_long_grid, nicolae_swamp_entry_splash_gauntlet,
          nicolae_snake_entry_warm_welcome, eino_house_with_fridge
Lair:4:   gammafunk_boulding_lane, layout_layer_cave, ebering_ghost_xom,
          serial_bayou_ford_a, infiniplex_staircase_pool_2,
          serial_bayou_shore_b, uniq_kirke
Lair:5:   gammafunk_lair_ancient_temple, layout_gridlike,
          minmay_slime_entry_oklob_open
Swamp:1:  layout_falls_marsh, evilmike_swamp_ruin_house_4
Swamp:2:  layout_basic_swamp, nicolae_swamp_fairy_circle
Swamp:3:  layout_basic_swamp, nicolae_swamp_small_spring
Swamp:4:  swamp_alternative, layout_basic_swamp
Snake:1:  layout_basic
Snake:2:  layout_grid_maze
Snake:3:  layout_onion_interference
Orc:1:    layout_caves, serial_shops
Orc:2:    grunt_orc_community_town_hall, layout_caves,
          grunt_orc_community_big_house_1, grunt_orc_community_big_house_1,
          grunt_orc_community_house_2, grunt_orc_community_house_1,
          grunt_orc_community_house_1, grunt_orc_community_house_1,
          grunt_orc_community_house_3, grunt_orc_community_house_3,
          mines3_lemuel

Skill      XL: |  1  2  3  4  5  6  7  8  9 10 11 12 13 14 15 16 17 |
---------------+----------------------------------------------------+-----
Unarmed Combat | 4 5 7 9 10 11 12 13 14 16 18 19 | 19.3
Fighting       | 3 4 5 6 8 9 10 11 12 13 | 13.6
Throwing       | 3 6 |  6.0
Shapeshifting  | 4 8 10 | 10.0
Evocations     | 1 4 5 7 8 10 | 10.0
Shields        | 5 7 |  7.1
Armour         | 1 5 7 |  7.5
Dodging        | |  2.4

Action                     |  1- 3 |  4- 6 |  7- 9 | 10-12 | 13-15 | 16-18 || total
---------------------------+-------+-------+-------+-------+-------+-------++-------
  Melee: Unarmed           |    90 |    94 |   236 |   624 |  1037 |   692 ||  2773
         Punch             |     3 |     4 |    10 |     4 |    22 |       ||    43
         Constrict         |       |       |       |       |     6 |       ||     6
  Throw: Dart              |       |     2 |       |     7 |    27 |     3 ||    39
         Javelin           |       |       |       |       |       |     1 ||     1
 Invoke: Trog's Hand       |       |     1 |       |     1 |     6 |       ||     8
         Berserk           |       |       |     4 |     6 |    10 |    18 ||    38
         Brothers in Arms  |       |       |       |     4 |     9 |     9 ||    22
  Evoke: Wand              |       |       |       |     6 |     8 |     6 ||    20
         Condenser vane    |       |       |       |       |     3 |     1 ||     4
         Phial of floods   |       |       |       |       |     1 |     1 ||     2
    Use: Scroll            |     2 |       |     5 |     4 |     9 |     7 ||    27
         Potion            |       |       |       |     1 |     3 |     1 ||     5
   Stab: Sleeping          |     1 |       |       |       |       |       ||     1
         Confused          |       |       |       |       |     1 |       ||     1
         Distracted        |       |       |       |       |       |     2 ||     2
         Paralysed         |       |       |       |       |       |     2 ||     2
 Armour: Animal skin       |    50 |    67 |   110 |   168 |       |       ||   395
         Robe              |       |       |       |   164 |       |       ||   164
         Acid dragon scale |       |       |       |   132 |   725 |   613 ||  1470
         Skin              |       |       |       |       |    59 |       ||    59
  Dodge: Dodged            |    39 |    46 |   156 |   226 |   299 |   180 ||   946
  Block: Kite shield       |       |       |       |   171 |   241 |       ||   412
         Tower shield      |       |       |       |       |       |   440 ||   440
   Form: Blade             |       |       |       |       |     1 |       ||     1
         Anaconda          |       |       |       |       |     1 |       ||     1
                           |       |       |       |       |     1 |       ||     1

Table legend: (Time is in decaauts)
 A = Elapsed time spent in this place.
 B = Non-inter-level travel time spent in this place.
 C = Inter-level travel time spent in this place.
 D = Time resting spent in this place.
 E = Time spent auto-exploring this place.
 F = Levels seen in this place.
 G = Mean time per level.
                   A        B        C        D        E       F      G
               +--------+--------+--------+--------+--------+-----+--------+
         Total |  26855 |  25164 |   1691 |   1456 |  13926 |  31 |  866.3 |
       Dungeon |  12568 |  11659 |    909 |    424 |   7175 |  15 |  837.9 |
          Lair |   5943 |   5553 |    390 |    177 |   3235 |   5 | 1188.6 |
         Swamp |   1777 |   1682 |     95 |     80 |    953 |   4 |  444.2 |
     Snake Pit |   3839 |   3638 |    201 |    486 |   1581 |   3 | 1279.7 |
  Orcish Mines |   1882 |   1789 |     93 |    170 |    834 |   2 |  941.0 |
       Volcano |    430 |    430 |      0 |     84 |      0 |   1 |  430.0 |
      Gauntlet |    414 |    414 |      0 |     33 |    147 |   1 |  414.0 |
               +--------+--------+--------+--------+--------+-----+--------+

Top non-repeatable levels by time:
 Snake:2: 1931 daAuts
    D:11: 1531 daAuts
  Lair:5: 1489 daAuts
 Snake:1: 1424 daAuts
  Lair:3: 1366 daAuts
   Orc:2: 1346 daAuts
  Lair:4: 1132 daAuts
  Lair:1: 1130 daAuts
     D:8: 1088 daAuts
     D:9: 1012 daAuts
    D:14: 991 daAuts
    D:10: 962 daAuts
     D:6: 948 daAuts
     D:7: 867 daAuts
    D:12: 833 daAuts
